 Dungeon Crawl Stone Soup version 0.19-a0-17-g3995118 (webtiles) character file.

36915 Eucla the Ripper (level 13, -2/65 HPs)
             Began as a Felid Monk on Apr 30, 2016.
             Was a High Priest of Yredelemnul.
             Slain by a vault guard
             ... wielding a +0 long sword
              (14 damage)
             ... on level 14 of the Dungeon.
             The game lasted 01:05:03 (25768 turns).

Eucla the Ripper (Felid Monk)                      Turns: 25768, Time: 01:05:03

Health: -2/65      AC: 10    Str: 11    XL:     13   Next: 55%
Magic:  20/20      EV: 33    Int: 13    God:    Yredelemnul [*****.]
Gold:   1893       SH:  0    Dex: 18    Spells: 2 memorised, 4 levels left
                                        Lives:  0   Deaths: 3

rFire  . . .     SeeInvis +       - Unarmed
rCold  + . .     Gourm    .     (armour unavailable)
rNeg   . . .     Faith    .     (shield unavailable)
rPois  .         Spirit   .     (helmet unavailable)
rElec  .         Dismiss  .     (cloak unavailable)
rCorr  .         Reflect  .     (gloves unavailable)
SustAt .         Harm     .     (boots unavailable)
MR     +....                    (no amulet)
Stlth  ++++++....               z - +3 ring of protection
                                F - +4 ring of protection

@: drained, quick, somewhat resistant to hostile enchantments, very stealthy
A: no armour, no weapons or thrown items, claws 1, fangs 3, repulsion field 1,
see invisible, carnivore 3, speed 1, shaggy fur 3, slow metabolism 1, sharp paws
a: Recall Undead Slaves, Injury Mirror, Animate Dead, Drain Life, Enslave Soul,
Renounce Religion


You were on level 14 of the Dungeon.
You worshipped Yredelemnul.
Yredelemnul was extremely pleased with you.
You were not hungry.

You visited 2 branches of the dungeon, and saw 22 of its levels.
You also visited: Labyrinth and Ossuary.

You collected 1893 gold pieces.

Inventory:

Jewellery
 o - an uncursed ring of resist corrosion
 s - an uncursed ring of protection from fire
 z - a +3 ring of protection (right paw)
 E - the ring of Fabetiaq {SustAt Str+3 Dex+5}
   (You found it in a labyrinth)

   [ring of sustain attributes]

   It sustains your strength, intelligence and dexterity.
   It affects your strength (+3).
   It affects your dexterity (+5).
 F - a +4 ring of protection (left paw)
Wands
 f - a wand of digging (14/24)
 t - a wand of teleportation (5/9)
 v - a wand of digging (5/24)
 C - a wand of iceblast (3/15)
 N - a wand of iceblast (4/15)
Scrolls
 c - 2 scrolls of magic mapping
 d - 11 scrolls of remove curse
 h - 7 scrolls of identify
 l - 12 scrolls of teleportation
 m - a scroll of blinking
 n - 4 scrolls of recharging
 q - a scroll of fog
 w - 2 scrolls of amnesia
 y - 2 scrolls of torment
 H - a scroll of fear
Potions
 b - 4 potions of flight
 e - 4 potions of magic
 g - 4 potions of agility
 i - 4 potions of berserk rage
 j - 7 potions of brilliance
 p - 2 potions of might
 r - 4 potions of curing
 A - a potion of ambrosia
 B - 2 potions of haste
 K - a potion of invisibility
 L - 2 potions of cancellation
 M - a potion of degeneration {unknown}
Books
 k - a book of Dreams

   Spells                             Type                      Level
   a - Ensorcelled Hibernation        Hexes/Ice                    2
   b - Silence                        Hexes/Air                    5
   c - Darkness                       Hexes                        6
   d - Shadow Creatures               Summoning                    6
 x - a book of Death

   Spells                             Type                      Level
   a - Corpse Rot                     Necromancy                   2
   b - Sublimation of Blood           Necromancy                   2
   c - Agony                          Necromancy                   5
   d - Dispel Undead                  Necromancy                   5
   e - Excruciating Wounds            Charms/Necromancy            5
   f - Bolt of Draining               Conjuration/Necromancy       5
 G - a book of Callings

   Spells                             Type                      Level
   a - Summon Small Mammal            Summoning                    1
   b - Call Imp                       Summoning                    2
   c - Call Canine Familiar           Summoning                    3
   d - Summon Guardian Golem          Hexes/Summoning              3
   e - Summon Lightning Spire         Summoning/Air                4
   f - Summon Ice Beast               Ice/Summoning                4
 O - a book of Changes

   Spells                             Type                      Level
   a - Beastly Appendage              Transmutation                1
   b - Sticks to Snakes               Transmutation                2
   c - Spider Form                    Transmutation/Poison         3
   d - Ice Form                       Ice/Transmutation            4
   e - Blade Hands                    Transmutation                5
 P - a book of Necromancy

   Spells                             Type                      Level
   a - Pain                           Necromancy                   1
   b - Animate Skeleton               Necromancy                   1
   c - Vampiric Draining              Necromancy                   3
   d - Regeneration                   Charms/Necromancy            3
   e - Animate Dead                   Necromancy                   4
   f - Control Undead                 Necromancy                   4
Miscellaneous
 D - a phial of floods
 J - a lamp of fire
Comestibles
 a - 6 meat rations
 u - 7 royal jellies


   Skills:
 + Level 12.4(11.8) Fighting
 + Level 15.7(15.1) Dodging
 + Level 12.0(11.4) Stealth
 + Level 16.0(15.4) Unarmed Combat
 - Level 4.7(4.2) Summonings
 - Level 8.0(7.4) Invocations


You had 4 spell levels left.
You knew the following spells:

 Your Spells              Type           Power        Failure   Level  Hunger
a - Call Canine Familiar  Summ           ##......     17%         3    ####...
b - Blade Hands           Trmt           #.........   100%        5    ######.


Dungeon Overview and Level Annotations

Branches:
Dungeon (14/15)            Temple (0/1) D:6            Lair (8/8) D:11
  Swamp (0/4) Lair:4        Snake (0/4) Lair:5        Slime (0/6) Lair:7
    Orc (0/2) D:9
 Vaults: D:13-14

Altars:
Ashenzari
Cheibriados
Elyvilon
Fedhas
Gozag
Nemelex Xobeh
Pakellas
Qazlal
Ru
Xom
Yredelemnul
Jiyva

Shops:
D:6 (

Annotations:
Lair:4 exclusion: ice statue


Innate Abilities, Weirdness & Mutations

You cannot wear armour.
You are incapable of wielding weapons or throwing items.
You have sharp claws.
You have razor-sharp teeth.
You have supernaturally acute eyesight.
You are carnivorous and can eat meat at any time.
You cover ground quickly.
Your thick and shaggy fur keeps you warm (AC +3, rC+).
You have a slow metabolism.
Your sharp claws are effective at attacking unaware monsters.
You are surrounded by a mild repulsion field (EV +2).


Message History

Your tengu zombie pecks the vault guard but does no damage.
The vault guard blocks your tengu zombie's attack.
Unknown command.
Your flayed ghost barely misses the vault guard.
Your tengu zombie blocks the vault guard's attack.
The vault guard blocks your human zombie's attack.
Unknown command.
The vault guard blocks your flayed ghost's attack.
The vault guard hits your tengu zombie with a long sword.
Your human zombie hits the vault guard but does no damage.
The vault guard blocks your tengu zombie's attack. x3
Your human zombie hits the vault guard but does no damage.
Unknown command.
Your flayed ghost hits the vault guard!
Your human zombie hits the vault guard but does no damage.
Unknown command.
You swap places.
The vault guard hits you with a long sword!
You die...
Your body rises from the dead as a mindless zombie.

.≈≈≈≈≈≈≈...≈≈≈≈≈≈≈
.≈≈≈≈≈≈≈...≈≈≈≈≈≈≈
###.p###'''###..##
#... #...# #...#
#.. #.).# #.).#
#.. #...# #...#
##'####(#.####'##
#.....))((.pZ...#
#.......(.ZW@Z..#
#$......)......(#
########'########
#⌠ #


You could see a vault guard, a friendly flayed ghost, 2 friendly human zombies
and a friendly tengu zombie.

Vanquished Creatures
  Rupert (D:13)
  Nessos (Lair:8)
  2 vault guards (D:14)
  5 hydras
  2 catoblepae (Lair:8)
  17 death yaks
  Sonja (Lair:3)
  A hill giant (D:13)
  An oklob plant (Lair:5)
  2 cyclopes (D:13)
  3 ugly things
  11 elephants
  A griffon (D:13)
  2 black mambas
  A gargoyle (D:13)
  15 spiny frogs
  12 blink frogs
  A rime drake (Lair:7)
  A yaktaur (D:14)
  A tengu conjurer (D:14)
  8 komodo dragons
  A troll (D:9)
  A polar bear (Lair:4)
  A queen bee (D:12)
  Prince Ribbit (D:5)
  2 boulder beetles (Lair:4)
  2 shadows
  A wraith (D:13)
  21 yaks
  3 humans
  Eustachio (D:6)
  4 hippogriffs
  A hungry ghost (D:7)
  A mottled dragon (D:12)
  11 water moccasins
  6 porcupines
  Duvessa (D:6)
  8 ice beasts
  An orc warrior (D:13)
  A black bear (D:7)
  A phantom (D:13)
  A sky beast (D:7)
  A necrophage (D:9)
  An eye of draining (D:11)
  A wasp (Lair:5)
  11 ogres
  12 crocodiles
  9 centaurs
  15 wolves
  A big kobold (D:13)
  Blork the orc (D:6)
  15 giant frogs
  Dowan (D:6)
  A wyvern skeleton (D:13)
  13 scorpions
  23 killer bees
  4 wights
  3 howler monkeys
  2 jellies
  3 centaur zombies
  7 crimson imps
  5 giant frog zombies
  A quasit (D:13)
  A wasp zombie (D:10)
  5 human zombies
  2 centaur skeletons
  2 giant frog skeletons
  A hound (D:8)
  An orc priest (D:5)
  8 iguanas
  4 orc wizards
  4 worker ants
  4 hell rats (Lair:5)
  14 sheep
  4 big kobold zombies (Ossuary)
  A hound skeleton (D:11)
  2 mummies (Ossuary)
  6 gnolls
  43 river rats
  12 adders
  3 scorpion zombies (Ossuary)
  2 oozes
  2 worms (D:3)
  2 dart slugs (D:2)
  7 giant geckos
  19 orcs
  2 ball pythons (D:2)
  3 giant cockroaches
  3 gnoll zombies
  7 goblins
  6 hobgoblins
  12 jackals
  16 kobolds
  3 quokkas
  7 bats
  A giant gecko skeleton (D:4)
  5 giant newts
  A goblin skeleton (D:2)
  3 goblin zombies (Ossuary)
  A jackal zombie (D:9)
  An orc zombie (Ossuary)
  2 quokka skeletons (D:5)
  5 rats
  A plant (D:11)
517 creatures vanquished.

Vanquished Creatures (collateral kills)
  Maud (Lair:5)
  A vault guard (D:14)
  4 hydras
  2 catoblepae
  5 death yaks
  A griffon (Lair:2)
  A deep elf mage (D:14)
  A wizard (D:14)
  An ugly thing (D:11)
  11 elephants
  A black mamba (Lair:5)
  5 spiny frogs
  2 centaur skeletons (D:11)
  3 torpor snails
  2 komodo dragons
  3 polar bears (Lair:3)
  10 blink frogs
  19 yaks
  2 hippogriffs
  2 basilisks
  3 porcupines
  2 ice beasts
  2 water moccasins
  A black bear (D:10)
  An ogre (D:8)
  3 wolves
  2 centaurs (D:12)
  6 crocodiles
  A big kobold (D:13)
  A giant frog (Lair:1)
  2 scorpions (Ossuary)
  8 killer bees
  4 wights (D:9)
  A crimson imp (D:11)
  A centaur zombie (Ossuary)
  A gnoll shaman (D:9)
  An iguana (Lair:4)
  5 sheep
  A mummy (Ossuary)
  A gnoll (D:3)
  An adder (D:11)
  20 river rats
  A shadow imp (D:10)
  3 orcs
  A kobold (D:13)
  A quokka (D:11)
  An orc zombie (Ossuary)
  2 bushes (Lair:5)
  A butterfly (D:4)
  20 fungi
  7 plants
182 creatures vanquished.

Vanquished Creatures (others)
  A wizard (D:14)
  2 catoblepas zombies
  A death yak zombie (Lair:8)
  A felid skeleton (Lair:8)
  2 vampires
  2 wraiths
  2 black mamba zombies
  11 flying skulls
  A yak (Lair:8)
  6 spiny frog zombies
  4 elephant zombies
  5 blink frog zombies (Lair:8)
  A komodo dragon zombie (Lair:8)
  4 water moccasin zombies
  11 yak zombies
  2 wights
  3 wolf zombies
  2 giant frog zombies
  3 centaur zombies
  3 porcupine zombies
  3 killer bee zombies (D:12)
  A mottled dragon zombie (D:12)
  6 crocodile zombies
  2 mummies
  2 hell rat zombies (Lair:5)
  A river rat (Lair:8)
  3 scorpion zombies (Ossuary)
  2 adder zombies
  3 iguana zombies
  An orc zombie (D:6)
  3 sheep zombies
  3 river rat skeletons (Lair:8)
  A ball python zombie (D:2)
  2 giant gecko zombies
  A goblin zombie (D:3)
  2 quokka zombies (D:8)
  A rat zombie (D:11)
  22 river rat zombies
  20 fungi
  10 plants
156 creatures vanquished.

Grand Total: 855 creatures vanquished

Notes
Turn   | Place    | Note
--------------------------------------------------------------
     0 | D:1      | Eucla the Felid Monk began the quest for the Orb.
     0 | D:1      | Reached XP level 1. HP: 10/10 MP: 2/2
   180 | D:1      | Reached XP level 2. HP: 14/14 MP: 3/3
   968 | D:1      | Reached skill level 5 in Unarmed Combat
   968 | D:1      | Reached XP level 3. HP: 7/17 MP: 4/4
  1224 | D:2      | Found a basalt altar of Yredelemnul.
  1279 | D:2      | Found a runed door.
  1279 | D:2      | Noticed a human
  1371 | D:2      | Became a worshipper of Yredelemnul the Dark
  1371 | D:2      | Reached * piety under Yredelemnul
  1371 | D:2      | Reached ** piety under Yredelemnul
  2159 | D:2      | Reached XP level 4. HP: 8/21 MP: 5/5
  2350 | D:2      | Found a basalt altar of Yredelemnul.
  2383 | D:2      | Killed a human
  2383 | D:2      | Reached skill level 7 in Unarmed Combat
  2383 | D:2      | Reached XP level 5. HP: 14/24 MP: 6/6
  2500 | D:3      | Found a white marble altar of Elyvilon.
  2602 | D:3      | Found a shattered altar of Ashenzari.
  3065 | D:4      | Noticed an ogre
  3260 | D:3      | Killed an ogre
  3260 | D:3      | Gained mutation: You are covered in thick fur (AC +2). [Felid growth]
  3260 | D:3      | Reached XP level 6. HP: 28/28 MP: 7/7
  3819 | D:3      | Reached skill level 8 in Unarmed Combat
  3875 | D:4      | Found a sparkling altar of Nemelex Xobeh.
  4042 | D:4      | Found a shimmering altar of Xom.
  4112 | D:4      | Found a sparkling altar of Nemelex Xobeh.
  4252 | D:4      | Reached *** piety under Yredelemnul
  4335 | D:5      | Entered Level 5 of the Dungeon
  4843 | D:5      | Reached XP level 7. HP: 20/31 MP: 8/8
  4873 | D:5      | Noticed Prince Ribbit
  4886 | D:5      | Killed Prince Ribbit
  4886 | D:5      | Reached skill level 9 in Unarmed Combat
  4980 | D:5      | Found a sand-covered staircase.
  4991 | Ossuary  | Entered an ossuary
  5275 | Ossuary  | Reached skill level 10 in Unarmed Combat
  5569 | Ossuary  | Reached XP level 8. HP: 32/34 MP: 9/9
  6035 | Ossuary  | Reached skill level 11 in Unarmed Combat
  6343 | Ossuary  | Identified a scroll of acquirement
  6476 | D:5      | Reached skill level 1 in Invocations
  6977 | D:6      | Found a stormy altar of Qazlal.
  6986 | D:6      | Noticed Eustachio
  6992 | D:6      | Killed Eustachio
  7010 | D:6      | Reached skill level 5 in Dodging
  7010 | D:6      | Reached XP level 9. HP: 39/39 MP: 8/11
  7042 | D:6      | Noticed Blork the orc
  7048 | D:6      | Killed Blork the orc
  7088 | D:6      | Noticed Duvessa
  7092 | D:6      | Noticed Dowan
  7093 | D:6      | Killed Duvessa
  7108 | D:6      | Killed Dowan
  7142 | D:6      | Found Haxzeq's Antique Weapon Emporium.
  7240 | D:6      | Found a staircase to the Ecumenical Temple.
  7538 | D:6      | Found an opulent altar of Gozag.
  7601 | D:6      | Your ally Blork died
  7809 | D:7      | Found a blossoming altar of Fedhas.
  8019 | D:7      | Found a snail-covered altar of Cheibriados.
  8406 | D:8      | Reached skill level 12 in Unarmed Combat
  8734 | D:7      | Reached skill level 5 in Fighting
  8738 | D:7      | Gained mutation: You are surrounded by a mild repulsion field (EV +2). [mutagenic meat]
  9506 | D:9      | Reached XP level 10. HP: 44/44 MP: 14/14
  9574 | D:9      | Found a sacrificial altar of Ru.
  9591 | D:9      | Found a staircase to the Orcish Mines.
  9836 | D:9      | Reached skill level 5 in Invocations
  9836 | D:9      | Received a gift from Yredelemnul
  9853 | D:9      | Noticed a green ugly thing
  9867 | D:9      | Killed a green ugly thing
 10033 | D:10     | Entered Level 10 of the Dungeon
 10311 | D:10     | Reached **** piety under Yredelemnul
 10403 | D:10     | Learned a level 3 spell: Call Canine Familiar
 10764 | D:11     | Found a frozen archway.
 10789 | D:11     | Noticed a red ugly thing
 10797 | D:11     | Mangled by a red ugly thing
 10798 | D:11     | Reached XP level 9. HP: -9/42 MP: 14/14
 10845 | D:11     | Received a gift from Yredelemnul
 10879 | D:11     | Found a staircase to the Lair.
 10905 | D:11     | Killed a red ugly thing
 10905 | D:11     | Reached XP level 10. HP: 46/46 MP: 15/15
 10909 | D:11     | Noticed a green ugly thing
 10917 | D:11     | Killed a green ugly thing
 11057 | D:11     | Received a gift from Yredelemnul
 11339 | Lair:1   | Entered Level 1 of the Lair of Beasts
 11659 | Lair:1   | Noticed a spiny frog
 11664 | Lair:1   | Reached skill level 10 in Dodging
 11680 | Lair:1   | Killed a spiny frog
 11680 | Lair:1   | Reached skill level 13 in Unarmed Combat
 11754 | Lair:1   | Noticed an eight-headed hydra
 11778 | Lair:1   | Killed an eight-headed hydra
 11887 | Lair:1   | Noticed a spiny frog
 11901 | Lair:1   | Killed a spiny frog
 12259 | Lair:2   | Noticed a spiny frog
 12294 | Lair:2   | Reached XP level 11. HP: 31/51 MP: 17/17
 12329 | Lair:2   | Noticed a griffon
 12344 | Lair:2   | Killed a griffon
 13136 | Lair:3   | Reached skill level 1 in Summonings
 13158 | Lair:3   | Found a labyrinth entrance.
 13169 | Lab      | Entered a labyrinth
 13485 | Lab      | Noticed a minotaur
 13566 | Lab      | Got a bound platinum ring
 13571 | Lair:3   | Identified the ring of Fabetiaq {SustAt Str+3 Dex+5} (You found it in a labyrinth)
 13595 | Lair:3   | Noticed Sonja
 13602 | Lair:3   | Killed Sonja
 13748 | Lair:3   | Found a runed door.
 14496 | Lair:3   | Noticed a six-headed hydra
 14506 | Lair:3   | Killed a six-headed hydra
 15310 | Lair:4   | Noticed a five-headed hydra
 15319 | Lair:4   | HP: 1/53 [five-headed hydra (13)]
 15321 | Lair:4   | Killed a five-headed hydra
 15774 | Lair:4   | Gained mutation: Your thick and shaggy fur keeps you warm (AC +3, rC+). [Felid growth]
 15774 | Lair:4   | Reached XP level 12. HP: 36/57 MP: 19/19
 16069 | Lair:4   | Reached skill level 14 in Unarmed Combat
 16076 | Lair:4   | Found a staircase to the Swamp.
 17158 | Lair:5   | Received a gift from Yredelemnul
 17186 | Lair:5   | Found a staircase to the Snake Pit.
 17764 | Lair:5   | Noticed Maud
 17782 | Lair:5   | Killed Maud
 18584 | Lair:5   | Noticed a death yak
 18597 | Lair:5   | Killed a death yak
 18769 | Lair:5   | Noticed a seven-headed hydra
 18784 | Lair:5   | Killed a seven-headed hydra
 19020 | Lair:6   | Noticed a death yak
 19022 | Lair:6   | Noticed a death yak
 19022 | Lair:6   | Noticed a death yak
 19022 | Lair:6   | Noticed a death yak
 19076 | Lair:6   | Killed a death yak
 19076 | Lair:6   | Reached skill level 10 in Fighting
 19118 | Lair:5   | Killed a death yak
 19137 | Lair:5   | Killed a death yak
 19144 | Lair:5   | Killed a death yak
 19534 | Lair:6   | Reached skill level 5 in Stealth
 19831 | Lair:5   | Received a gift from Yredelemnul
 19922 | Lair:6   | Reached XP level 13. HP: 39/61 MP: 20/20
 20149 | Lair:7   | Received a gift from Yredelemnul
 20583 | Lair:7   | Received a gift from Yredelemnul
 20999 | Lair:7   | Reached skill level 15 in Unarmed Combat
 21332 | Lair:7   | Found a viscous altar of Jiyva.
 21332 | Lair:7   | Found a staircase to the Slime Pits.
 21570 | Lair:8   | Entered Level 8 of the Lair of Beasts
 21977 | Lair:8   | Received a gift from Yredelemnul
 21996 | Lair:8   | Noticed Nessos
 22017 | Lair:8   | Shot with an arrow by Nessos
 22018 | Lair:8   | Reached XP level 12. HP: -17/60 MP: 19/19
 22339 | Lair:8   | Received a gift from Yredelemnul
 22341 | Lair:8   | Killed Nessos
 22509 | Lair:8   | Your ally Eucla died
 22766 | Lair:8   | Reached XP level 13. HP: 49/63 MP: 20/20
 22806 | Lair:8   | Reached ***** piety under Yredelemnul
 22886 | Lair:8   | Received a gift from Yredelemnul
 23175 | Lair:8   | Reached skill level 10 in Stealth
 23334 | Lair:8   | Slain by a death yak
 23335 | Lair:8   | Reached XP level 12. HP: -2/60 MP: 18/19
 23440 | Lair:8   | Killed a death yak
 23453 | Lair:8   | Killed a death yak
 23480 | Lair:8   | Killed a death yak
 23488 | Lair:8   | Killed a death yak
 23493 | Lair:8   | Killed a death yak
 23493 | Lair:8   | Reached skill level 15 in Dodging
 23518 | Lair:8   | Killed a catoblepas
 23818 | Lair:8   | Noticed a catoblepas
 23836 | Lair:8   | Killed a catoblepas
 24320 | D:12     | Learned a level 5 spell: Blade Hands
 24609 | D:12     | Reached XP level 13. HP: 64/64 MP: 20/20
 24709 | D:12     | Received a gift from Yredelemnul
 24916 | D:13     | Found an oddly glowing altar of Pakellas.
 24953 | D:13     | Noticed Rupert
 24957 | D:13     | Killed Rupert
 25075 | D:13     | Received a gift from Yredelemnul
 25316 | D:13     | Reached skill level 16 in Unarmed Combat
 25554 | D:14     | Found a sacrificial altar of Ru.
 25576 | D:14     | Noticed a vault guard
 25576 | D:14     | Noticed a vault guard
 25584 | D:14     | Noticed a vault guard
 25601 | D:14     | Killed a vault guard
 25601 | D:14     | Received a gift from Yredelemnul
 25641 | D:14     | Killed a vault guard
 25739 | D:14     | Noticed a vault guard
 25742 | D:14     | Noticed a vault guard
 25755 | D:14     | Killed a vault guard
 25768 | D:14     | Slain by a vault guard

Vault maps used:
D:1:      minmay_arrival_shattered_statue
D:2:      lemuel_zombie_altar_yredelemnul, dk_yredelemnul_ordeal
D:3:      nicolae_overflow_hidden_temple, first_bread, elyvilon_altar_1
D:4:      xom_butterflies, lemuel_crystal_altar, nemelex_altar_shiori
D:5:      nicolae_ossuary_entry_ruins, uniq_prince_ribbit1
D:6:      minmay_temple_entry_statues_pillars, serial_shops,
          nicolae_shop_behind_doors, minmay_misc_feat_cross,
          hangedman_feature_mirror, uniq_eustachio, uniq_duvessa,
          uniq_blork_the_orc
D:7:      marbit_many_paths, lemuel_coloured_pillars_altar
D:8:      hangedman_cross_stitches
D:9:      nicolae_ru_path_of_blood
D:11:     due_lair_maze_entry_diamond, portal_ice_cave_entry_pillars_02
D:12:     minmay_misc_feat_rows, david_nohive_1
D:13:     basic_altar, uniq_rupert
D:14:     grunt_vaults_entry_fortified, basic_altar, hangedman_decor_peaks_small
Lair:1:   grunt_megastairs_2
Lair:2:   beast_lair_carwin_10
Lair:3:   lab_entry_generic, pf_torpor_hydra, uniq_sonja
Lair:4:   boulder_quad_collide, minmay_swamp_entry_reptiles, minivault_25,
          ice2_lemuel, infiniplex_staircase_pool
Lair:5:   dummy_snake_entry, minmay_lair_oklob_bushes, uniq_maud
Lair:7:   dpeg_slime_entry_enclosed_altar, st_stairs_13
Lair:8:   evilmike_catoblepas_cave, uniq_nessos
Lab:      labyrinth_spiral, labyrinth_skeletal_remains, lab_block,
          nicolae_lab_blocks, nicolae_lab_arrow
Ossuary:  ossuary_minmay_scorpions

Skill      XL: |  1  2  3  4  5  6  7  8  9 10 11 12 13 |
---------------+----------------------------------------+-----
Unarmed Combat | 5 7 8 10 11 12 13 14 16 | 16.0
Invocations    | 1 6 7 8 |  8.0
Dodging        | 5 9 10 11 15 14 | 15.7
Fighting       | 5 7 9 12 11 | 12.4
Summonings     | 3 4 |  4.7
Stealth        | 11 12 | 12.0

Action                   |  1- 3 |  4- 6 |  7- 9 | 10-12 | 13-15 || total
-------------------------+-------+-------+-------+-------+-------++-------
Melee: Unarmed           |   103 |   107 |   369 |  1007 |   512 ||  2098
       Bite              |    10 |     8 |    46 |   131 |    75 ||   270
       Punch             |       |       |    19 |    75 |    51 ||   145
Invok: Animate Remains   |     6 |    10 |       |       |       ||    16
       Animate Dead      |       |     4 |    23 |    83 |    43 ||   153
       Recall Undead Sla |       |       |       |     3 |     3 ||     6
       Injury Mirror     |       |       |       |     2 |     2 ||     4
Evoke: Wand              |       |       |     2 |    13 |     1 ||    16
  Use: Scroll            |       |    16 |    10 |    11 |     6 ||    43
       Potion            |       |       |     5 |     7 |     4 ||    16
 Stab: Sleeping          |    13 |     7 |    19 |    38 |    20 ||    97
       Distracted        |     1 |     1 |     2 |    12 |     7 ||    23
       Petrified         |       |       |       |       |     2 ||     2
       Petrifying        |       |       |       |       |     1 ||     1
  Eat: Chunk             |     2 |     6 |     1 |     4 |     5 ||    18
       Beef jerky        |       |       |     1 |     2 |       ||     3
       Royal jelly       |       |       |     1 |       |       ||     1
       Meat ration       |       |       |     2 |     3 |     1 ||     6
       Pizza             |       |       |       |     1 |       ||     1
Armor: Skin              |     3 |     7 |    29 |    70 |    42 ||   151
Dodge: Dodged            |    69 |    65 |   242 |   965 |   605 ||  1946
